 Dungeon Crawl Stone Soup version 0.21-a0-344-g2144152 (webtiles) character file.

77728 4thArraOfDagon the Executioner (level 15, 0/130 HPs)
             Began as a Minotaur Chaos Knight on Oct 4, 2017.
             Slain by a satyr (18 damage)
             ... while paralysed by you
             ... on level 3 of the Elven Halls.
             The game lasted 00:55:37 (10407 turns).

4thArraOfDagon the Executioner (MiCK)              Turns: 10407, Time: 00:55:37

Health: 0/130      AC: 12    Str: 17      XL:     15   Next: 16%
Magic:  11/25      EV:  5    Int: 13 (14) God:    Xom [......]
Gold:   664        SH:  0    Dex: 13      Spells: 14/26 levels left

rFire    . . .     SeeInvis +   (weapon currently unavailable)
rCold    x . .     Gourm    .   (shield currently unavailable)
rNeg     + + +     Faith    .   (armour currently unavailable)
rPois    +         Spirit   .   (helmet currently unavailable)
rElec    .         Reflect  .   (cloak currently unavailable)
rCorr    .         Harm     .   (gloves currently unavailable)
MR       ++...                  (boots currently unavailable)
Stlth    +.........             w - amulet of magic regeneration
HPRegen  0.31/turn              o - ring of Mistrust {+Fly rC- rN+ Slay+3}
MPRegen  0.44/turn              s - +2 ring of evasion

@: paralysed, fungus-form (expiring), afraid, slowed
A: (retaliatory headbutt), see invisible, agile 1, deterioration 1, high mp 1,
magic resistance 1
a: Renounce Religion, Evoke Flight


You were on level 3 of the Elven Halls.
You worshipped Xom.
You were a very special plaything of Xom.
You were not hungry.
You were a sentient fungus.
You visited 3 branches of the dungeon, and saw 20 of its levels.
You visited 1 bazaar.
You also visited: Sewer and Bailey.

You collected 2087 gold pieces.
You spent 1423 gold pieces at shops.

Inventory:

Hand Weapons
 a - a +0 hand axe of chaos
 b - the +10 zealot's sword {holy, *Rage rN+ EV+3}
   (You took it off a deep elf sorcerer on level 3 of the Elven Halls)

   It has been blessed by the Shining One to cause great damage to the undead
   and demons.
   It affects your evasion (+3).
   It protects you from negative energy.
   It may make you go berserk in combat.
 x - the +6 hand axe of the Tundras (melded) {antimagic, +Blink rPois rF- MR+}
   (You found it on level 5 of the Dungeon)

   It reduces the magical energy of the wielder, and disrupts the spells and
   magical abilities of those hit.
   Natural abilities and divine invocations are not affected.
   It makes you vulnerable to fire.
   It protects you from poison.
   It affects your resistance to hostile enchantments.
   It lets you blink.
 z - a +4 scimitar of flaming
 Q - a +3 executioner's axe of chopping
Missiles
 j - 4 javelins of returning (quivered)
 H - a throwing net
 U - 2 tomahawks of dispersal
Armour
 q - a +2 pair of gloves (melded)
 v - a +2 cloak of magic resistance (melded)
 T - the +4 chain mail "Vogioc" (melded) {rCorr Str-2 Int+3 Dex+6}
   (You bought it in a shop in a bazaar)

   It affects your strength (-2).
   It affects your intelligence (+3).
   It affects your dexterity (+6).
   It protects you from acid and corrosion.
 X - a +1 buckler of positive energy (melded)
Magical Staves
 E - an uncursed staff of earth
 P - an uncursed staff of wizardry {!a}
Jewellery
 o - the ring of Mistrust (left hypha) {+Fly rC- rN+ Slay+3}
   (You bought it in a shop on level 2 of the Orcish Mines)

   [ring of flight]

   It affects your accuracy and damage with ranged weapons and melee attacks
   (+3).
   It makes you vulnerable to cold.
   It protects you from negative energy.
   It lets you fly.
 s - a +2 ring of evasion (right hypha)
 t - an uncursed ring of protection from cold
 w - an amulet of magic regeneration (around neck)
 W - the ring of Cockuhyp {Wiz SInv}
   (You found it on level 12 of the Dungeon)

   [ring of wizardry]

   It improves your spell success rate.
   It lets you see invisible.
 Y - an uncursed ring of protection from magic {unknown}
Wands
 A - a wand of iceblast (3/15)
 F - a wand of clouds (2/9)
 I - a wand of acid (5/15)
 J - a wand of iceblast (2/15)
 V - a wand of digging (3/24)
Scrolls
 f - 2 scrolls of enchant armour
 h - 5 scrolls of remove curse
 i - a scroll of fog
 k - 2 scrolls of amnesia
 m - 2 scrolls of recharging
 r - 3 scrolls of fear
 y - a scroll of blinking
 B - a scroll of immolation
 D - 3 scrolls of magic mapping
 G - 6 scrolls of teleportation
 S - a scroll of summoning
Potions
 d - 2 potions of agility
 e - 11 potions of heal wounds
 l - 7 potions of flight
 n - 12 potions of curing
 p - 2 potions of might
 u - a potion of cancellation
 L - 2 potions of berserk rage
 N - 5 potions of magic
 R - a potion of ambrosia
Miscellaneous
 C - a lightning rod (4/4)
 O - a box of beasts
Comestibles
 c - 10 bread rations
 g - 10 meat rations


   Skills:
 - Level 11.2 Fighting
 * Level 22.2 Axes
 - Level 11.1 Armour
 - Level 10.0 Dodging
 + Level 6.0 Spellcasting
 - Level 3.4 Evocations


You had 14 spell levels left.
You knew the following spells:

 Your Spells              Type           Power        Failure   Level  Hunger
a - Swiftness             Chrm/Air       #.......     26%         2    ##.....
b - Blink                 Tloc           N/A          26%         2    ##.....
c - Lesser Beckoning      Tloc           #.........   45%         3    ###....
d - Passage of Golubria   Tloc           N/A          86%         4    ####...
e - Apportation           Tloc           #.....       17%         1    None


Dungeon Overview and Level Annotations

Branches:
Dungeon (15/15)            Temple (0/1) D:5            Lair (0/6) D:11
    Orc (2/2) D:10            Elf (3/3) Orc:2
 Vaults: D:13-14     Depths: D:15

Altars:
Dithmenos
Elyvilon
Fedhas
Qazlal
Trog
Vehumet
Wu Jian
Xom
Yredelemnul
Beogh

Shops:
D:4 *   D:7 }   D:8 *   D:12 *   D:13 [*   Orc:2 *([=:

Annotations:
D:15 Rupert


Innate Abilities, Weirdness & Mutations

((You reflexively headbutt those who attack you in melee.))
((You have a pair of horns on your head.))
You have supernaturally acute eyesight. (SInv)
You are agile. (Dex +2)
Your body sometimes deteriorates upon taking damage.
You have an increased reservoir of magic. (+10% MP)
You are resistant to hostile enchantments. (MR+)
((You are resistant to electric shocks. (rElec)))


Message History

The halberd of protection hits you but does no damage.
The satyr is engulfed in seething chaos.
The satyr hits you!
* * * LOW HITPOINT WARNING * * *
The halberd of protection is engulfed in seething chaos.
The halberd of protection suddenly stops moving!
You are engulfed in seething chaos.
The halberd of protection is engulfed in seething chaos.
The satyr is engulfed in seething chaos.
The satyr flickers and vanishes for a moment.
The satyr hits you!!
* * * LOW HITPOINT WARNING * * *
You are engulfed in seething chaos.
You feel as though you will be slow longer.
The halberd of protection is engulfed in seething chaos.
The halberd of protection is caught in a localised spatial distortion.
The satyr is engulfed in seething chaos.
The satyr hits you!!
You die...
Xom bursts into laughter!

,,,,,,,,+.........'(..(.e.(ee....
********#......∩..##########.....
#.........# *,.... ##......e##
*,,... ##......'## ***,..
##.##...##.## **+**. ###
##.####'####(## **,****
#.#####.## #.###§#'#******,**
....##.## #.##f###.....#,**
......## #..c##**.....+** ......#
#..# *,......# ......# #..#
**,.(....#* ...[..# #...#
*,,..8....* ......# #..#.#
**,......#*
....#'###.###.#*####......#
#.####.#.# #.##...###,,,** ###
##)#####'.......##,,*


You could see a satyr (invisible) and a halberd of protection (paralysed).

Vanquished Creatures
  A deep elf blademaster (Elf:3)
  A deep elf master archer (Elf:3)
  6 deep elf sorcerers (Elf:3)
  A ghost moth (Elf:2)
  An orc warlord (Orc:2)
  An emperor scorpion (Elf:3)
  6 deep elf elementalists (Elf:3)
  5 deep elf demonologists (Elf:3)
  11 deep elf annihilators (Elf:3)
  The ghost of sergedm the Sorcerer, a journeyman DECj of Vehumet (D:12)
  4 deep elf death magi (Elf:3)
  6 deep elf high priests (Elf:3)
  A hydra (D:14)
  2 two-headed ogres (D:13)
  Erica (D:8)
  3 dancing weapons (Elf:3)
  An orc high priest (Orc:2)
  A deep elf knight (Elf:1)
  3 unseen horrors (D:12)
  A deep elf archer (Elf:1)
  3 orc knights (Orc:2)
  8 ugly things
  A mana viper (D:14)
  6 deep elf magi
  3 orc sorcerers
  A cyclops (Orc:1)
  2 centaur zombies
  2 manticores
  A redback zombie (D:15)
  A tengu conjurer (D:14)
  5 trolls
  2 hornets
  A polar bear (D:13)
  2 wyverns
  A vampire (D:12)
  A water elemental (Elf:2)
  A spriggan (D:9)
  An air elemental (Elf:3)
  A shadow (D:14)
  A wraith (D:14)
  4 yaks (D:10)
  2 fire elementals (Elf:3)
  Menkaure (D:5)
  2 wargs (Orc:2)
  A vampire mosquito (D:14)
  An acid dragon (D:12)
  A water moccasin (D:9)
  2 sky beasts
  26 orc warriors
  2 swamp drakes
  3 ice beasts
  A hornet zombie (D:10)
  9 ogres
  An eye of draining (D:12)
  3 centaurs
  4 big kobolds
  7 bullfrogs
  A wyvern skeleton (D:14)
  5 scorpions
  4 killer bees (D:10)
  8 wights
  A howler monkey (D:11)
  An electric eel (D:12)
  4 crimson imps
  A quasit (D:12)
  A bullfrog zombie (D:11)
  5 hounds
  2 jellies
  16 orc priests
  15 orc wizards
  Crazy Yiuf (D:4)
  2 centaur skeletons
  Jessica (D:2)
  3 iguanas
  Natasha (thrice) (D:2)
  4 worker ants
  A hound zombie (D:6)
  A hound skeleton (D:6)
  Robin (D:2)
  15 gnolls
  8 adders
  A shadow imp (D:5)
  2 adder zombies
  A dart slug (D:3)
  10 leopard geckos
  55 orcs
  A giant cockroach (shapeshifter) (D:8)
  3 giant cockroaches
  16 goblins
  15 hobgoblins
  12 jackals
  34 kobolds
  5 quokkas
  3 ball pythons (Sewer)
  5 bats
  5 frilled lizards
  2 quokka skeletons (D:9)
  7 rats
452 creatures vanquished.

Vanquished Creatures (collateral kills)
  A hydra (D:13)
  A two-headed ogre (D:13)
  A deep elf mage (Elf:3)
  A centaur zombie (D:13)
  An orc warrior (D:13)
  2 orc priests (D:13)
  2 orcs (D:13)
9 creatures vanquished.

Vanquished Creatures (others)
  A deep elf demonologist (Elf:3)
  An ogre mage (D:13)
  A dancing weapon (Elf:3)
  A deep elf knight (Elf:1)
  2 vampire mosquitoes (D:15)
  A scorpion (D:8)
  A bat (D:3)
  A hobgoblin (Bailey)
  A quokka (D:8)
  2 kobolds (Bailey)
12 creatures vanquished.

Grand Total: 473 creatures vanquished

Notes
Turn   | Place    | Note
-------+----------+-------------------------------------------
     0 | D:1      | 4thArraOfDagon the Minotaur Chaos Knight began the quest for the Orb.
     0 | D:1      | Reached XP level 1. HP: 19/19 MP: 0/0
    33 | D:1      | XOM: potion effect (invisibility)
    43 | D:1      | Reached XP level 2. HP: 20/27 MP: 1/1
    47 | D:1      | Reached skill level 4 in Axes
    56 | D:2      | Noticed Jessica
   205 | D:2      | Noticed Natasha
   216 | D:2      | Killed Natasha
   216 | D:2      | Reached XP level 3. HP: 23/33 MP: 2/2
   333 | D:1      | Rhok: !hs * mick
   338 | D:1      | beem: 10903. MrChinwatt the Minotaur Porcupine (L27 MiCK of The Shining One), escaped with the Orb and 15 runes on 2016-06-09 18:00:52, with 21461642 points after 70928 turns and 6:57:32.
   434 | D:2      | Found a blossoming altar of Fedhas.
   437 | D:2      | Reached XP level 4. HP: 40/40 MP: 3/3
   452 | D:2      | Noticed Robin
   462 | D:2      | XOM: noise
   463 | D:2      | Killed Robin
   470 | D:2      | XOM: enchant monster (good)
   476 | D:2      | Killed Jessica
   476 | D:2      | Reached skill level 5 in Axes
   543 | D:2      | Noticed Natasha
   548 | D:2      | Killed Natasha
   548 | D:2      | Reached XP level 5. HP: 26/47 MP: 4/4
   553 | D:2      | Noticed Natasha
   559 | D:2      | XOM: divination: detect creatures
   563 | D:2      | XOM: noise
   564 | D:2      | Killed Natasha
   778 | D:3      | Found a shimmering altar of Xom.
   890 | D:3      | Found a glowing drain.
   899 | Sewer    | Entered a sewer
   984 | Sewer    | XOM: potion effect (berserk rage)
   990 | Sewer    | Reached XP level 6. HP: 55/55 MP: 5/5
  1047 | Sewer    | Reached skill level 5 in Fighting
  1047 | Sewer    | Reached skill level 6 in Axes
  1224 | D:4      | XOM: divination: detect items
  1282 | D:4      | XOM: silly message
  1322 | D:4      | Found Yrarphoad's Assorted Antiques.
  1351 | D:4      | Found a runed door.
  1355 | D:4      | Noticed Crazy Yiuf
  1356 | D:4      | XOM: silly message
  1362 | D:4      | XOM: smoke on damage
  1364 | D:4      | Killed Crazy Yiuf
  1474 | D:4      | Found a basalt altar of Yredelemnul.
  1520 | D:4      | Found a shadowy altar of Dithmenos.
  1538 | D:4      | XOM: give mutation
  1538 | D:4      | Gained mutation: You have sharp toenails. [Xom's grace]
  1651 | D:5      | Entered Level 5 of the Dungeon
  1701 | D:5      | Reached XP level 7. HP: 59/61 MP: 6/6
  1780 | D:5      | XOM: mild Tloc miscast
  1819 | D:5      | XOM: god gift: potion of curing
  1837 | D:5      | Got a steaming hand axe
  1838 | D:5      | Identified the +6 hand axe of the Tundras {antimagic, +Blink rPois rF- MR+} (You found it on level 5 of the Dungeon)
  1838 | D:5      | XOM: 2-stop teleportation journey
  1868 | D:5      | Reached skill level 7 in Axes
  1927 | D:5      | XOM: fog
  2005 | D:5      | Noticed Menkaure
  2005 | D:5      | XOM: cleaving
  2008 | D:5      | Killed Menkaure
  2008 | D:5      | Reached skill level 5 in Armour
  2018 | D:5      | Found a staircase to the Ecumenical Temple.
  2023 | D:5      | XOM: cloud trail
  2060 | D:6      | Found an ornate altar of the Wu Jian Council.
  2112 | D:6      | Reached skill level 8 in Axes
  2112 | D:6      | Reached XP level 8. HP: 67/70 MP: 2/7
  2232 | D:6      | XOM: enchant monster (good)
  2239 | D:6      | Reached skill level 5 in Dodging
  2381 | D:7      | Found Jiptye's Gadget Boutique.
  2391 | D:7      | XOM: scenery: create altars
  2401 | D:7      | Got a fine ring mail
  2412 | D:7      | Identified the cursed +0 ring mail of the Ban {rC+ SInv} (You found it on level 7 of the Dungeon)
  2499 | D:7      | XOM: scenery: create altars
  2612 | D:7      | Reached skill level 9 in Axes
  2690 | D:8      | Found Muynioz's Assorted Antiques.
  2717 | D:8      | Bought a scroll labeled OCYLIA ALOUKUOTU for 27 gold pieces
  2717 | D:8      | Bought a scroll labeled ZISIWN VERECVOL for 27 gold pieces
  2717 | D:8      | Bought a scroll labeled ZIBLECW SEOCAR for 27 gold pieces
  2757 | D:8      | XOM: polymorph gnoll -> goblin
  2761 | D:8      | XOM: cast spell 'Cause Fear'
  2773 | D:8      | XOM: enchant monster (good)
  2855 | D:8      | Found a bloodstained altar of Trog.
  2856 | D:8      | Found a radiant altar of Vehumet.
  2882 | D:8      | Noticed Erica
  2901 | D:8      | Killed Erica
  2901 | D:8      | Reached skill level 10 in Axes
  2901 | D:8      | Reached XP level 9. HP: 71/79 MP: 2/8
  3000 | D:8      | XOM: divine lightning
  3092 | D:8      | XOM: scenery: 1 doors close
  3131 | D:8      | Learned a level 2 spell: Swiftness
  3139 | D:8      | Found a white marble altar of Elyvilon.
  3213 | D:9      | XOM: summons 2 friendly demons
  3248 | D:9      | Reached skill level 12 in Axes
  3248 | D:9      | Reached XP level 10. HP: 77/92 MP: 3/9
  3389 | D:9      | Reached skill level 13 in Axes
  3458 | D:9      | XOM: scenery: create altars
  3487 | D:9      | XOM: god gift: long smoking staff {god gift}
  3488 | D:9      | Gained mutation: You are occasionally teleported next to monsters. [mutagenic meat]
  3489 | D:9      | Gained mutation: You possess an exceptional clarity of mind. [mutagenic meat]
  3490 | D:9      | Gained mutation: You are robust. (+10% HP) [mutagenic meat]
  3491 | D:9      | Gained mutation: You are resistant to hostile enchantments. (MR+) [mutagenic meat]
  3492 | D:9      | Gained mutation: Your movements are slightly less encumbered by armour. (ER -2) [mutagenic meat]
  3600 | D:9      | Found a stormy altar of Qazlal.
  3635 | D:8      | XOM: harmless Conj miscast
  3647 | D:7      | XOM: mild Conj miscast
  3705 | D:4      | Bought a ruby-studded chain mail for 285 gold pieces
  3716 | D:4      | Identified the +1 chain mail "Waor" {*Slow rPois Dex+4 SInv} (You bought it in a shop on level 4 of the Dungeon)
  3759 | D:6      | XOM: noise
  3807 | D:10     | Entered Level 10 of the Dungeon
  3834 | D:10     | Reached skill level 10 in Fighting
  3927 | D:10     | XOM: god gift: 7 needles of confusion
  4088 | D:11     | Noticed a green ugly thing
  4102 | D:11     | Killed a green ugly thing
  4102 | D:11     | Reached skill level 1 in Evocations
  4102 | D:11     | Reached XP level 11. HP: 93/110 MP: 3/10
  4106 | D:11     | Lost mutation: Your movements are slightly less encumbered by armour. (ER -2) [mutagenic meat]
  4159 | D:11     | XOM: mild Erth miscast
  4245 | D:11     | Found a staircase to the Lair.
  4245 | D:11     | XOM: noise
  4320 | D:11     | Reached skill level 10 in Armour
  4421 | D:12     | Found Byugolecw's Assorted Antiques.
  4439 | D:12     | Bought a murky green potion for 29 gold pieces
  4449 | D:12     | Noticed sergedm's ghost (journeyman DECj)
  4469 | D:12     | Killed sergedm's ghost
  4484 | D:12     | Reached skill level 14 in Axes
  4618 | D:12     | Got a bound platinum ring
  4620 | D:12     | Identified the ring of Cockuhyp {Wiz SInv} (You found it on level 12 of the Dungeon)
  4665 | D:12     | Noticed an unseen horror
  4667 | D:12     | XOM: medium Chrm miscast
  4669 | D:12     | XOM: enchant monster (bad)
  4683 | D:12     | Killed an unseen horror
  4744 | D:12     | Noticed a white ugly thing
  4762 | D:12     | Killed a white ugly thing
  4766 | D:12     | Gained mutation: You are clumsy. (Dex -2) [mutagenic meat]
  4767 | D:12     | Gained mutation: Your spells are a little harder to cast, but a little more powerful. [mutagenic meat]
  4826 | D:13     | Noticed a two-headed ogre
  4826 | D:13     | Noticed a two-headed ogre
  4827 | D:13     | Noticed a two-headed ogre
  4836 | D:13     | XOM: summons 11 friendly demons
  4839 | D:13     | XOM: summons 4 friendly demons
  4843 | D:13     | XOM: harmless Chrm miscast
  4846 | D:13     | Killed a two-headed ogre
  4850 | D:13     | Killed a two-headed ogre
  4852 | D:13     | Noticed a six-headed hydra
  4852 | D:13     | XOM: destruction
  4864 | D:13     | Killed a six-headed hydra
  4877 | D:13     | Found a flagged portal.
  4885 | Bailey   | Entered a bailey
  4897 | Bailey   | XOM: mild Air miscast
  4961 | Bailey   | XOM: medium Summ miscast
  4973 | Bailey   | XOM: destruction
  5163 | Bailey   | XOM: scenery: 7 doors close
  5257 | D:13     | Noticed an ogre mage
  5269 | D:13     | XOM: fog
  5270 | D:13     | Killed an ogre mage
  5270 | D:13     | XOM: divine lightning
  5294 | D:13     | Killed a two-headed ogre
  5294 | D:13     | Reached XP level 12. HP: 84/121 MP: 4/13
  5316 | D:13     | Found Qackiusu's General Store.
  5354 | D:13     | Bought a potion of might for 60 gold pieces
  5376 | D:13     | Identified a scroll of acquirement
  5415 | D:13     | Found Wouddeq's Armour Shop.
  5496 | D:13     | Reached skill level 10 in Dodging
  5507 | D:13     | Got a slimy scimitar
  5579 | D:13     | XOM: potion effect (heal wounds)
  5580 | D:13     | XOM: cleaving
  5587 | D:13     | XOM: polymorph unseen horror -> polar bear
  5636 | D:12     | XOM: potion effect (might)
  5637 | D:12     | Reached skill level 15 in Axes
  5874 | D:14     | Noticed a two-headed ogre
  5876 | D:14     | a two-headed ogre changed into a mana viper
  5876 | D:14     | XOM: polymorph two-headed ogre -> mana viper
  5879 | D:14     | XOM: divination: detect creatures
  5889 | D:14     | Noticed an eight-headed hydra
  5910 | D:14     | Killed a five-headed hydra
  5974 | D:14     | Identified the +1 scimitar "Newt's Foe" {flame, rF- Int+4 Dex+6 Stlth+} (You found it on level 13 of the Dungeon)
  6008 | D:14     | Reached skill level 16 in Axes
  6138 | D:15     | Entered Level 15 of the Dungeon
  6146 | D:15     | Noticed Rupert
  6151 | D:15     | XOM: divine lightning
  6156 | D:15     | XOM: chaos cloud
  6209 | D:14     | Gained mutation: You do not regenerate when monsters are visible. [mutagenic meat]
  6210 | D:14     | Gained mutation: You have razor-sharp toenails. [mutagenic meat]
  6217 | D:14     | Gained mutation: You occasionally shout uncontrollably at your foes. [mutagenic meat]
  6219 | D:14     | Gained mutation: You have supernaturally acute eyesight. (SInv) [mutagenic meat]
  6222 | D:14     | Gained mutation: You have a somewhat thin skeletal structure. (Dex +2, Stealth) [mutagenic meat]
  6223 | D:14     | Gained mutation: Your muscles are strong. (Str +2) [mutagenic meat]
  6450 | D:14     | XOM: give mutations
  6450 | D:14     | Lost mutation: Your spells are a little harder to cast, but a little more powerful. [Xom's mischief]
  6450 | D:14     | Lost mutation: Your muscles are strong. (Str +2) [Xom's mischief]
  6520 | D:15     | XOM: give mutation
  6520 | D:15     | Lost mutation: You have razor-sharp toenails. [Xom's mischief]
  6694 | D:10     | XOM: stat loss: -1 Str (16/17)
  6697 | D:10     | Reached skill level 17 in Axes
  6718 | D:10     | Found a staircase to the Orcish Mines.
  6737 | Orc:1    | Entered Level 1 of the Orcish Mines
  6801 | Orc:2    | Entered Level 2 of the Orcish Mines
  6836 | Orc:2    | Found Nunuz's Book Boutique.
  6837 | Orc:2    | Found a staircase to the Elven Halls.
  6959 | Orc:2    | XOM: polymorph orc warrior -> swamp drake
  6960 | Orc:2    | XOM: enchant monster (good)
  6971 | Orc:2    | XOM: 1-stop teleportation journey
  7141 | Orc:1    | Noticed Maurice
  7146 | Orc:1    | Noticed Maurice
  7146 | Orc:1    | Maurice changed into Maurice the swamp drake
  7146 | Orc:1    | XOM: polymorph Maurice -> Maurice the swamp drake
  7147 | Orc:1    | Killed Maurice the swamp drake
  7227 | Orc:2    | XOM: divination: detect creatures
  7231 | Orc:2    | XOM: 1-stop teleportation journey
  7326 | Orc:2    | Noticed an orc high priest
  7340 | Orc:2    | Killed an orc high priest
  7362 | Orc:2    | XOM: scenery: create altars
  7448 | Orc:2    | Lost mutation: You have a somewhat thin skeletal structure. (Dex +2, Stealth) [potion of mutation]
  7448 | Orc:2    | Lost mutation: You possess an exceptional clarity of mind. [potion of mutation]
  7448 | Orc:2    | Lost mutation: You are occasionally teleported next to monsters. [potion of mutation]
  7448 | Orc:2    | Gained mutation: Your spells are a little harder to cast, but a little more powerful. [potion of mutation]
  7449 | Orc:2    | Lost mutation: You are robust. (+10% HP) [potion of mutation]
  7449 | Orc:2    | Lost mutation: You occasionally shout uncontrollably at your foes. [potion of mutation]
  7449 | Orc:2    | Lost mutation: Your spells are a little harder to cast, but a little more powerful. [potion of mutation]
  7449 | Orc:2    | Lost mutation: You have sharp toenails. [potion of mutation]
  7449 | Orc:2    | Gained mutation: You are resistant to electric shocks. (rElec) [potion of mutation]
  7449 | Orc:2    | Lost mutation: You are clumsy. (Dex -2) [potion of mutation]
  7449 | Orc:2    | Gained mutation: You have an increased reservoir of magic. (+10% MP) [potion of mutation]
  7449 | Orc:2    | Gained mutation: You have sharp fingernails. [potion of mutation]
  7450 | Orc:2    | Lost mutation: You are resistant to hostile enchantments. (MR+) [potion of mutation]
  7450 | Orc:2    | Lost mutation: You have sharp fingernails. [potion of mutation]
  7450 | Orc:2    | Gained mutation: You expend magic power (3 MP) to strengthen your wands. [potion of mutation]
  7450 | Orc:2    | Lost mutation: You expend magic power (3 MP) to strengthen your wands. [potion of mutation]
  7450 | Orc:2    | Gained mutation: You have a considerably increased reservoir of magic. (+20% MP) [potion of mutation]
  7451 | Orc:2    | Lost mutation: You do not regenerate when monsters are visible. [potion of mutation]
  7451 | Orc:2    | Lost mutation: You have a considerably increased reservoir of magic. (+20% MP) [potion of mutation]
  7451 | Orc:2    | Gained mutation: You are agile. (Dex +2) [potion of mutation]
  7451 | Orc:2    | Gained mutation: Your body sometimes deteriorates upon taking damage. [potion of mutation]
  7451 | Orc:2    | Gained mutation: You are resistant to hostile enchantments. (MR+) [potion of mutation]
  7456 | Orc:2    | XOM: god gift: sharpened ivory wand {god gift}
  7528 | Orc:2    | XOM: scenery: create altars
  7538 | Orc:2    | Reached XP level 13. HP: 96/116 MP: 16/16
  7596 | Orc:2    | Reached skill level 18 in Axes
  7679 | Orc:2    | XOM: scenery: create altars
  7708 | Orc:2    | Noticed an orc warlord
  7753 | Orc:2    | Killed an orc warlord
  7781 | Orc:2    | Found a roughly hewn altar of Beogh.
  7784 | Orc:2    | XOM: noise
  7803 | Orc:2    | Found Ysmagat's Jewellery Shoppe.
  7819 | Orc:2    | Found Ohikufyfao's Antique Weapon Shoppe.
  7854 | Orc:2    | Found Ramuzat's Antique Armour Shoppe.
  7869 | Orc:2    | Found Vopuavam's General Store.
  7925 | Orc:2    | XOM: scenery: create altars
  7975 | Orc:2    | Bought the ring of Mistrust {+Fly rC- rN+ Slay+3} for 480 gold pieces
  8023 | Elf:1    | Entered Level 1 of the Elven Halls
  8029 | Elf:1    | XOM: destruction
  8035 | Elf:1    | XOM: enchant monster (good)
  8042 | Elf:1    | XOM: fog
  8073 | Elf:1    | XOM: divine lightning
  8124 | Elf:3    | Entered Level 3 of the Elven Halls
  8148 | Elf:3    | XOM: scenery: 1 doors close
  8167 | Elf:3    | Found a flickering gateway to a bazaar.
  8183 | Bazaar   | Entered a bazaar
  8197 | Bazaar   | Found Kubemiz's Armour Shoppe.
  8212 | Bazaar   | Found Eciplieh's Antique Armour Emporium.
  8212 | Bazaar   | Found Zadd's Magic Scroll Shoppe.
  8234 | Bazaar   | Found Amezai's General Store.
  8234 | Bazaar   | Found Qiymuc's Weapon Shoppe.
  8255 | Bazaar   | Found Qisuz's Antique Armour Shoppe.
  8298 | Bazaar   | Bought an encrusted chain mail for 304 gold pieces
  8308 | Bazaar   | Identified the +4 chain mail "Vogioc" {rCorr Str-2 Int+3 Dex+6} (You bought it in a shop in a bazaar)
  8320 | Bazaar   | Bought a scroll of magic mapping for 31 gold pieces
  8320 | Bazaar   | Bought a scroll of teleportation for 27 gold pieces
  8320 | Bazaar   | Bought a scroll of teleportation for 27 gold pieces
  8320 | Bazaar   | Bought a scroll of teleportation for 27 gold pieces
  8320 | Bazaar   | Bought 2 scrolls of teleportation for 54 gold pieces
  8320 | Bazaar   | Bought a scroll of identify for 18 gold pieces
  8431 | Elf:3    | XOM: destruction
  8514 | Elf:3    | Noticed a deep elf demonologist
  8525 | Elf:3    | XOM: fog
  8529 | Elf:3    | Killed a deep elf demonologist
  8529 | Elf:3    | Reached skill level 19 in Axes
  8529 | Elf:3    | Reached skill level 1 in Spellcasting
  8544 | Elf:3    | Noticed a deep elf demonologist
  8564 | Elf:3    | XOM: harmless Necr miscast
  8565 | Elf:3    | XOM: god gift: 25 stones
  8568 | Elf:3    | Killed a deep elf demonologist
  8569 | Elf:3    | Noticed a deep elf demonologist
  8576 | Elf:3    | XOM: potion effect (agility)
  8578 | Elf:3    | XOM: medium Conj miscast
  8579 | Elf:3    | Killed a deep elf demonologist
  8670 | Elf:3    | Noticed a deep elf death mage
  8690 | Elf:3    | Killed a deep elf death mage
  8705 | Elf:3    | Killed a ghostly deep elf death mage
  8715 | Elf:3    | Noticed a deep elf blademaster
  8722 | Elf:3    | XOM: divination: magic mapping
  8732 | Elf:3    | XOM: divination: detect creatures
  8736 | Elf:3    | Killed a deep elf blademaster
  8749 | Elf:3    | Noticed a deep elf elementalist
  8780 | Elf:3    | XOM: enchant monster (bad)
  8880 | Elf:3    | Killed a deep elf elementalist
  8901 | Elf:3    | XOM: cast spell 'Shadow Creatures'
  8907 | Elf:3    | XOM: harmless Erth miscast
  8987 | Elf:3    | Noticed a deep elf sorcerer
  8999 | Elf:3    | Killed a deep elf sorcerer
  9007 | Elf:3    | Noticed a deep elf sorcerer
  9024 | Elf:3    | Killed a deep elf sorcerer
  9024 | Elf:3    | Reached skill level 20 in Axes
  9036 | Elf:3    | Noticed a deep elf elementalist
  9065 | Elf:3    | Noticed a deep elf elementalist
  9070 | Elf:2    | Noticed a ghost moth
  9070 | Elf:2    | a deep elf elementalist changed into a ghost moth
  9070 | Elf:2    | XOM: polymorph deep elf elementalist -> ghost moth
  9072 | Elf:2    | XOM: cast spell 'Leda's Liquefaction'
  9089 | Elf:2    | Killed a ghost moth
  9089 | Elf:2    | Reached XP level 14. HP: 94/124 MP: 0/20
  9106 | Elf:3    | Killed a deep elf elementalist
  9178 | Elf:3    | XOM: mild Erth miscast
  9371 | Elf:3    | XOM: enchant monster (bad)
  9386 | Elf:3    | XOM: silly message
  9474 | Elf:3    | XOM: harmless Pois miscast
  9493 | Elf:3    | XOM: divination: detect items
  9499 | Elf:3    | XOM: potion effect (invisibility)
  9591 | Elf:3    | XOM: potion effect (berserk rage)
  9595 | Elf:3    | XOM: potion effect (heal wounds)
  9599 | Elf:3    | XOM: potion effect (heal wounds)
  9614 | Elf:3    | Noticed a deep elf elementalist
  9623 | Elf:3    | Killed a deep elf elementalist
  9623 | Elf:3    | Reached skill level 21 in Axes
  9673 | Elf:3    | XOM: potion effect (agility)
  9684 | Elf:3    | XOM: potion effect (agility)
  9706 | Elf:3    | Noticed a deep elf elementalist
  9720 | Elf:3    | Killed a deep elf elementalist
  9722 | Elf:3    | Noticed a deep elf elementalist
  9722 | Elf:3    | Noticed a deep elf sorcerer
  9737 | Elf:3    | XOM: harmless Tmut miscast
  9742 | Elf:3    | XOM: potion effect (might)
  9743 | Elf:3    | Killed a deep elf elementalist
  9743 | Elf:3    | Reached skill level 5 in Spellcasting
  9745 | Elf:3    | Killed a deep elf sorcerer
  9753 | Elf:3    | Noticed a deep elf sorcerer
  9757 | Elf:3    | XOM: confuse monster(s)
  9758 | Elf:3    | Noticed a deep elf master archer
  9763 | Elf:3    | Killed a deep elf sorcerer
  9766 | Elf:3    | Noticed an emperor scorpion
  9766 | Elf:3    | a deep elf master archer changed into an emperor scorpion
  9766 | Elf:3    | XOM: polymorph deep elf master archer -> emperor scorpion
  9807 | Elf:3    | Noticed a deep elf sorcerer
  9812 | Elf:3    | Killed an emperor scorpion
  9816 | Elf:3    | XOM: potion effect (might)
  9817 | Elf:3    | Killed a deep elf sorcerer
  9857 | Elf:3    | Noticed a deep elf master archer
  9874 | Elf:3    | Killed a deep elf master archer
 10012 | Elf:3    | Noticed a deep elf sorcerer
 10032 | Elf:3    | XOM: cast spell 'Dispersal'
 10039 | Elf:3    | Killed a deep elf sorcerer
 10040 | Elf:3    | XOM: divine lightning
 10050 | Elf:3    | Reached XP level 15. HP: 90/130 MP: 8/25
 10107 | Elf:3    | XOM: god gift: lightning rod (4/4)
 10135 | Elf:3    | XOM: fake destruction
 10142 | Elf:3    | Reached skill level 22 in Axes
 10206 | Elf:3    | Learned a level 2 spell: Blink
 10210 | Elf:3    | Learned a level 3 spell: Lesser Beckoning
 10210 | Elf:3    | XOM: harmless Ice miscast
 10215 | Elf:3    | Learned a level 4 spell: Passage of Golubria
 10252 | Elf:3    | Identified the Papyrus of Nocuous Feathers
 10262 | Elf:3    | Learned a level 1 spell: Apportation
 10397 | Elf:3    | XOM: chaos cloud
 10402 | Elf:3    | XOM: polymorph deep elf archer -> satyr
 10405 | Elf:3    | Paralysed by you for 3 turns
 10407 | Elf:3    | Slain by a satyr

Vault maps used:
D:1:      dpeg_arrival_round_c
D:2:      old_standard_altar, roderic_lattice_a, uniq_jessica, uniq_natasha,
          uniq_robin
D:3:      lemuel_crystal_altar, first_bread, portal_sewer_entry_d,
          minmay_item_behind_shaft, columned_hall_lemuel, minivault_11,
          minivault_5, lemuel_flame_loot_1
D:4:      lemuel_doored_altar, nicolae_dithmenos_through_a_glass_darkly,
          serial_shops, shop, uniq_crazy_yiuf_cottage, uniq_sigmund
D:5:      minmay_temple_entry_fiery, serial_shops, nicolae_shop_stone,
          grunt_ministairs_3, uniq_menkaure, uniq_blork_the_orc
D:6:      kennysheep_little_box
D:7:      serial_shops, shop
D:8:      elyvilon_altar_4, chequers_temple_overflow_statue_of_worship,
          serial_shops, nicolae_shop_overgrown_old_shop, uniq_erica
D:9:      marbit_many_paths, kennysheep_vampire_church, the_bakery
D:10:     erik_orc_2
D:11:     lair_entry_dummy
D:12:     serial_shops, shop, minivault_4
D:13:     serial_shops, nicolae_shop_statue_plus, shop, enter_bailey_3
D:14:     lightli_vaults_fourway_checkpoint, serial_park_tiny_pond, spider_trap,
          minmay_misc_feat_ornament, serial_bayou_crossing
D:15:     grunt_enter_depths_giant_problem, serial_bayou_shore_b, uniq_rupert
Orc:1:    uniq_maurice
Orc:2:    grunt_orc_cross, serial_shops, shop, nicolae_orc_lava_room
Elf:1:    serial_shops, shop, hangedman_elf_disciples, minmay_shop_grove,
          uniq_donald
Elf:2:    uniq_saint_roka
Elf:3:    minmay_elf_hall_four_x, serial_shops, bzr_entry_dummy,
          corexii_checkpoint_a, grunt_megastairs_3
Bazaar:   bazaar_long_row
Sewer:    kennysheep_pipe_town
Bailey:   bailey_axe_2, bailey

Skill      XL: |  1  2  3  4  5  6  7  8  9 10 11 12 13 14 15 |
---------------+----------------------------------------------+-----
Axes           | 4 5 6 8 10 12 13 14 17 20 21 22 | 22.2
Fighting       | 4 5 6 7 9 10 11 | 11.2
Armour         | 3 4 5 6 9 10 11 | 11.1
Dodging        | 2 3 4 6 8 9 10 | 10.0
Evocations     | 1 3 |  3.4
Spellcasting   | 3 5 6 |  6.0

Action                   |  1- 3 |  4- 6 |  7- 9 | 10-12 | 13-15 || total
-------------------------+-------+-------+-------+-------+-------++-------
Melee: Hand axe          |    47 |   114 |   159 |   674 |   461 ||  1455
       Headbutt          |     4 |    15 |    21 |   149 |   128 ||   317
       Kick              |       |     8 |    33 |   207 |       ||   248
       Executioner's axe |       |       |       |    53 |    70 ||   123
       Scimitar          |       |       |       |     4 |       ||     4
       Unarmed           |       |       |       |       |     3 ||     3
Evoke: Wand              |       |       |       |     4 |     9 ||    13
       Box of beasts     |       |       |       |       |     1 ||     1
  Use: Scroll            |     2 |    12 |     4 |    16 |     9 ||    43
       Potion            |       |     3 |     1 |     6 |     5 ||    15
 Stab: Invisible         |     1 |       |       |       |       ||     1
       Petrified         |       |     3 |     5 |       |       ||     8
       Confused          |       |     1 |       |       |     3 ||     4
       Distracted        |       |       |       |     1 |     1 ||     2
  Eat: Fruit             |       |     2 |     3 |     5 |       ||    10
       Chunk             |       |     1 |     2 |    23 |     7 ||    33
       Royal jelly       |       |       |     1 |     3 |     1 ||     5
       Bread ration      |       |       |       |     1 |     1 ||     2
Armor: Leather armour    |    12 |    31 |    13 |       |       ||    56
       Ring mail         |       |       |    20 |     9 |       ||    29
       Chain mail        |       |       |       |   211 |   132 ||   343
       Skin              |       |       |       |    10 |    13 ||    23
Dodge: Dodged            |    26 |    75 |    92 |   384 |   149 ||   726
Block: Buckler           |       |       |       |    38 |    32 ||    70
       Rpst.: Scimitar   |       |       |       |     1 |       ||     1

Table legend:
 A = Spawn XP
 B = Non-spawn XP
 C = Spawn XP percentage of total XP
 D = Spawn monster count
 E = Non-spawn monster count
 F = Spawn count percentage of total count
 G = Total turns spent on level
                    A         B        C        D         E        F      G
               +---------+---------+-------+---------+---------+-------+---------
         Total |       0 |  107124 |   0.0 |       0 |     466 |   0.0 | 10407
               +---------+---------+-------+---------+---------+-------+---------
           D:1 |       0 |      40 |   0.0 |       0 |      21 |   0.0 |   170
           D:2 |       0 |     202 |   0.0 |       0 |      25 |   0.0 |   415
           D:3 |       0 |      28 |   0.0 |       0 |       9 |   0.0 |   434
           D:4 |       0 |      61 |   0.0 |       0 |       6 |   0.0 |   468
           D:5 |       0 |     557 |   0.0 |       0 |      16 |   0.0 |   399
           D:6 |       0 |     852 |   0.0 |       0 |      23 |   0.0 |   349
           D:7 |       0 |     185 |   0.0 |       0 |       4 |   0.0 |   367
           D:8 |       0 |    1500 |   0.0 |       0 |      21 |   0.0 |   547
           D:9 |       0 |    1196 |   0.0 |       0 |      23 |   0.0 |   435
          D:10 |       0 |    2097 |   0.0 |       0 |      35 |   0.0 |   345
          D:11 |       0 |    3291 |   0.0 |       0 |      32 |   0.0 |   392
          D:12 |       0 |    5776 |   0.0 |       0 |      20 |   0.0 |   458
          D:13 |       0 |    5773 |   0.0 |       0 |      24 |   0.0 |   611
          D:14 |       0 |    6989 |   0.0 |       0 |      27 |   0.0 |   756
          D:15 |       0 |     510 |   0.0 |       0 |       3 |   0.0 |    51
         Orc:1 |       0 |     887 |   0.0 |       0 |       8 |   0.0 |   245
         Orc:2 |       0 |    8782 |   0.0 |       0 |      53 |   0.0 |  1041
         Elf:1 |       0 |    3322 |   0.0 |       0 |       7 |   0.0 |    97
         Elf:2 |       0 |    1890 |   0.0 |       0 |       2 |   0.0 |   306
         Elf:3 |       0 |   62509 |   0.0 |       0 |      52 |   0.0 |  1801
         Sewer |       0 |     328 |   0.0 |       0 |      24 |   0.0 |   223
        Bailey |       0 |     349 |   0.0 |       0 |      31 |   0.0 |   317
               +---------+---------+-------+---------+---------+-------+---------
